 Dungeon Crawl Stone Soup version 0.30-a0-23-ge60ba3568b (webtiles) character file.

Game seed: 18120347043033095587

42 Sabo the Gusty (level 3, 0/26 HPs)
             Began as a Draconian Air Elementalist on Aug 25, 2022.
             Was an Initiate of Gozag.
             Slain by a worm (6 damage)
             ... on level 2 of the Dungeon.
             The game lasted 00:10:42 (2113 turns).

Sabo the Gusty (Draconian Air Elementalist)         Turns: 2113, Time: 00:10:43

Health: 0/26       AC:  5    Str: 10    XL:     3   Next: 33%
Magic:  2/6        EV: 12    Int: 17    God:    Gozag
Gold:   163        SH:  0    Dex: 11    Spells: 5/6 levels left

rFire   . . .      SeeInvis .    h - +0 mace
rCold   . . .      Faith    .    (no shield)
rNeg    . . .      Spirit   .    (body armour unavailable)
rPois   .          Reflect  .    (helmet restricted)
rElec   .          Harm     .    (no cloak)
rCorr   .          Rampage  .    (no gloves)
Will    .....                    (no boots)
Stlth   ++........               (no amulet)
HPRegen 0.08/turn                (no ring)
MPRegen 0.10/turn                (no ring)

@: very slightly contaminated
A: AC +5, unfitting armour, cold-blooded
a: Renounce Religion, Potion Petition, Call Merchant, Bribe Branch


You were on level 2 of the Dungeon.
You worshipped Gozag.
Gozag was aware of your devotion.
You visited 1 branch of the dungeon, and saw 2 of its levels.

You collected 163 gold pieces.

Inventory:

Hand Weapons
 h - a +0 mace (weapon)
Scrolls
 b - a scroll of immolation {unknown}
 d - a scroll of amnesia
 e - a scroll of blinking {unknown}
 f - a scroll of noise {unknown}
 g - a scroll of identify {unknown}
 i - a scroll of silence {unknown}
Potions
 a - a potion of magic
 c - a potion of haste {unknown}


   Skills:
 + Level 0.2 Short Blades
 + Level 2.1 Dodging
 + Level 2.0 Stealth
 + Level 2.4 Spellcasting
 + Level 1.3 Conjurations
 + Level 3.6 Air Magic


You had 5 spell levels left.
You knew the following spells:

 Your Spells              Type           Power      Damage    Failure   Level
a - Shock                 Conj/Air       40%        1d5       7%          1

Your spell library contained the following spells:

 Spells                   Type           Power      Damage    Failure   Level
 Static Discharge         Conj/Air       10%        3-5/arc   10%         2
 Swiftness                Air            14%        N/A       13%         3
 Airstrike                Air            7%         2d(1-17)  38%         4


Dungeon Overview and Level Annotations

Branches:
Dungeon (2/15)

Altars:
Gozag
Uskayaw


Innate Abilities, Weirdness & Mutations

Your plain brown scales are hard. (AC +5)
You cannot fit into any form of body armour.
You are cold-blooded and may be slowed by cold attacks.


Message History

You miscast Shock.
Nothing appears to happen.
Casting: Shock (safe; 7% risk of failure)
Confirm with . or Enter, or press ? or * to list all spells.
Aiming: Shock (safe; 7% risk of failure)
Press: ? - help, Shift-Dir - straight line, f/p - worm
Aim: a worm (moderately wounded, 89% to hit)
You miscast Shock.
Nothing appears to happen.
You hit the worm.
You tail-slap the worm, but do no damage.
The worm is heavily wounded.
The worm bites you.
You hit the worm. You tail-slap the worm.
The worm is severely wounded.
You hit the worm but do no damage.
The worm is severely wounded.
The worm bites you!
You hit the worm.
The worm is almost dead.
The worm bites you.
You barely miss the worm.
The worm is severely wounded.
The worm bites you.
* * * LOW HITPOINT WARNING * * *
You hit the worm but do no damage.
Your tail-slap misses the worm.
The worm is severely wounded.
The worm bites you.
* * * LOW HITPOINT WARNING * * *
You hit the worm.
The worm is severely wounded.
The worm misses you.
You barely miss the worm.
The worm is severely wounded.
The worm misses you.
You hit the worm.
The worm is severely wounded.
You hit the worm.
The worm is almost dead.
The worm bites you.
You die...
Your body crumbles into a pile of gold.

#.........############.
##.........#
#.........##
#.##....).# ##....### $
#.!...# #.#.#.######+#
...#.#........# ###
#.#.@##...# #.#.w# ..
#.... ...#...
..##...... ... ......
#### #..... .....


You could see a worm.

Vanquished Creatures
  A gnoll (D:1)
  A dart slug (D:1)
  2 ball pythons (D:1)
  2 endoplasms (D:1)
  2 hobgoblins (D:1)
  6 kobolds
  3 quokkas (D:1)
  5 bats (D:1)
  2 frilled lizards
  5 rats (D:1)
29 creatures vanquished.

Notes
Turn   | Place    | Note
-------+----------+-------------------------------------------
     0 | D:1      | Sabo the Draconian Air Elementalist began the quest for the
                  | Orb.
     0 | D:1      | Reached XP level 1. HP: 14/14 MP: 3/3
   541 | D:1      | Reached XP level 2. HP: 20/20 MP: 3/5
   873 | D:1      | Found a faded altar of an unknown god.
  1117 | D:1      | Prayed at the altar of an unknown god.
  1117 | D:1      | Became a worshipper of Gozag Ym Sagoz the Greedy
  1641 | D:1      | Reached XP level 3. HP: 26/26 MP: 4/6
  2044 | D:2      | Found a hide-covered altar of Uskayaw.
  2113 | D:2      | Slain by a worm

Illustrated notes

Levels and vault maps discovered:
D:1:      dreamdust_arrival_beginning_and_end, layout_loops_cross,
          chequers_ecumenical_altar_simple, minmay_pentomino_t4
D:2:      layout_rooms, basic_altar, serial_shops, shop, wad_floor_pattern_2,
          kennysheep_generic_room_13

Skill      XL: |  1  2 |
---------------+-------+-----
Dodging        | 2 |  2.1
Stealth        | 2 |  2.0
Short Blades   | |  0.2
Spellcasting   | |  2.4
Conjurations   | |  1.3
Air Magic      | |  3.6

Action                   || total
-------------------------++-------
Melee: Unarmed           ||     2
       Dagger            ||     2
       Mace              ||    10
       Tailslap          ||     2
 Cast: Shock             ||    53
  Use: Scroll            ||     1
Armor: Skin              ||    10
Dodge: Dodged            ||    14

Table legend: (Time is in decaauts)
 A = Elapsed time spent in this place.
 B = Non-inter-level travel time spent in this place.
 C = Inter-level travel time spent in this place.
 D = Time resting spent in this place.
 E = Time spent auto-exploring this place.
 F = Levels seen in this place.
 G = Mean time per level.
                   A        B        C        D        E       F      G
               +--------+--------+--------+--------+--------+-----+--------+
         Total |   2115 |   2115 |      0 |   1161 |      0 |   2 | 1057.5 |
       Dungeon |   2115 |   2115 |      0 |   1161 |      0 |   2 | 1057.5 |
               +--------+--------+--------+--------+--------+-----+--------+

Top non-repeatable levels by time:
     D:1: 2030 daAuts
     D:2: 85 daAuts
